[Event "20th Cvijet Mediterana 2020"]
[Site "Rijeka"]
[Date "2020.03.03"]
[Round "4.2"]
[White "Medic, Mirjana"]
[Black "Doluhanova, Evgeniya"]
[Result "1/2-1/2"]
[ECO "E12"]
[WhiteElo "2210"]
[BlackElo "2258"]
[Annotator "ChessBase"]
[PlyCount "60"]
[EventDate "2020.03.01"]
[EventType "tourn"]
[EventCountry "CRO"]
[SourceTitle "playchess.com"]
[Source "ChessBase"]
[SourceQuality "1"]
[TimeControl "5400+30"]

1. d4 Nf6 2. Nf3 b6 3. c4 e6 4. a3 Bb7 5. Nc3 d5 6. Bg5 Be7 7. e3 O-O 8. Rc1 Nbd7 9. cxd5 exd5 10. Bd3 Ne4 11. Bxe7 Qxe7 12. O-O Ndf6 13. Qe2 Rac8 14. b4 c5 15. bxc5 bxc5 16. dxc5 Rxc5 17. Qb2 Rfc8 18. Ne2 Rxc1 19. Rxc1 Rxc1+ 20. Nxc1 Ng4 21. Bxe4 dxe4 22. Nd4 Qc7 23. g3 Ne5 24. Nce2 h6 25. Kg2 Nd3 26. Qb5 Ne1+ 27. Kf1 Nf3 28. Kg2 Ne1+ 29. Kf1 Nf3 30. Kg2 Ne1+ 1/2-1/2

[Event "20th Cvijet Mediterana 2020"]
[Site "Rijeka"]
[Date "2020.03.05"]
[Round "7.4"]
[White "Smirnova, Ekaterina"]
[Black "Hrescak, Ivana"]
[Result "0-1"]
[ECO "E97"]
[WhiteElo "2266"]
[BlackElo "2182"]
[Annotator "RC"]
[PlyCount "62"]
[EventDate "2020.03.01"]
[EventType "tourn"]
[EventCountry "CRO"]
[SourceTitle "playchess.com"]
[Source "ChessBase"]
[SourceQuality "1"]
[TimeControl "5400+30"]

1. d4 Nf6 2. c4 g6 3. Nc3 Bg7 4. e4 d6 5. Nf3 O-O 6. Be2 e5 7. O-O Nc6 8. d5 Ne7 9. b4 a5 10. Ba3 axb4 11. Bxb4 Nd7 12. a4 h6 13. a5 f5 14. Nd2 fxe4 15. Ndxe4 Nf5 16. c5 dxc5 17. Nxc5 Nxc5 18. Bxc5 Re8 19. Ne4 Nd4 20. Bc4 Kh7 21. Qd3 Bf5 22. Rfb1 b6 23. axb6 Rxa1 24. Rxa1 cxb6 25. Bb4 b5 26. Ba2 Qh4 27. f3 Ra8 28. Bc3 Bxe4 29. fxe4 Ra3 30. d6 Rxc3 31. Qf1 Qf6 0-1

[Event "20th Cvijet Mediterana 2020"]
[Site "Rijeka"]
[Date "2020.03.06"]
[Round "8.1"]
[White "Vujnovic, Patricija"]
[Black "Spiranec, Noemi"]
[Result "1-0"]
[ECO "A01"]
[WhiteElo "2103"]
[BlackElo "2083"]
[Annotator "ChessBase"]
[PlyCount "83"]
[EventDate "2020.03.01"]
[EventType "tourn"]
[EventCountry "CRO"]
[SourceTitle "playchess.com"]
[Source "ChessBase"]
[SourceQuality "1"]
[TimeControl "5400+30"]

1. b3 e5 2. Bb2 Nc6 3. e3 Nf6 4. Bb5 d6 5. d4 exd4 6. Qxd4 a6 7. Bxc6+ bxc6 8. Nc3 c5 9. Qd2 Bb7 10. Nf3 Be7 11. O-O-O Qd7 12. e4 O-O-O 13. Rhe1 Rhe8 14. Ng5 Bf8 15. f3 h6 16. Nh3 Kb8 17. Nf4 Qc8 18. Na4 Nd7 19. Nd5 Ne5 20. Qf4 g5 21. Qg3 Nd7 22. Ne3 Nb6 23. Nxb6 cxb6 24. Nd5 Ka7 25. Bf6 Rd7 26. h4 gxh4 27. Qxh4 Re6 28. f4 Qa8 29. f5 Bxd5 30. Rxd5 Re8 31. Red1 Rc7 32. e5 dxe5 33. Bxe5 Rb7 34. Rd8 Qxd8 35. Rxd8 Be7 36. Bf6 Rxd8 37. Bxe7 Rd4 38. Qf6 Rdd7 39. Bf8 h5 40. Qg5 Rb8 41. Bg7 Rg8 42. f6 1-0